 Dungeon Crawl Stone Soup version 0.23.2-33-g5129a83184 (webtiles) character file.

Game seed: 2560297147207101316

206 FishyPogo the Conjurer (level 5, -6/28 HPs)
             Began as a Tengu Conjurer on Aug 5, 2019.
             Mangled by a killer bee (10 damage)
             ... on level 3 of the Dungeon.
             The game lasted 00:17:35 (2390 turns).

FishyPogo the Conjurer (Tengu Conjurer)             Turns: 2390, Time: 00:17:36

Health: -6/28      AC:  3    Str:  8      XL:     5   Next: 84%
Magic:  2/10       EV: 13    Int: 16      God:
Gold:   125        SH:  0    Dex: 12 (15) Spells: 2/10 levels left

rFire    . . .     SeeInvis .   k - -1 whip (curse)
rCold    . . .     Gourm    .   (no shield)
rNeg     + . .     Faith    .   a - +0 robe
rPois    .         Spirit   .   (helmet restricted)
rElec    .         Reflect  .   h - +0 cloak
rCorr    +         Harm     .   (no gloves)
MR       .....                  (boots unavailable)
Stlth    ++........             (no amulet)
HPRegen  0.09/turn              b - ring of positive energy
MPRegen  0.12/turn              e - ring of resist corrosion

@: no status effects
A: beak, talons 3, able to fly
a: Fly


You were on level 3 of the Dungeon.
You were near starving.

You visited 1 branch of the dungeon, and saw 3 of its levels.

You collected 125 gold pieces.

Inventory:

Hand Weapons
 k - a cursed -1 whip (weapon)
Armour
 a - a +0 robe (worn)
 h - a +0 cloak (worn)
Jewellery
 b - a ring of positive energy (left hand)
 e - a ring of resist corrosion (right hand)
Scrolls
 f - a scroll of magic mapping {unknown}
 g - 3 scrolls of noise {unknown}
 o - 3 scrolls of remove curse {unknown}
 q - a scroll of blinking
Potions
 i - 2 potions of agility
 r - a potion of heal wounds {unknown}
Comestibles
 c - 7 rations


   Skills:
 + Level 3.3 Dodging
 - Level 2.0 Stealth
 - Level 2.1 Unarmed Combat
 * Level 3.1 Spellcasting
 + Level 6.4 Conjurations
 * Level 1.4 Hexes


You had 2 spell levels left.
You knew the following spells:

 Your Spells              Type           Power        Failure   Level  Hunger
a - Magic Dart            Conj           ###.         1%          1    #......
b - Dazzling Spray        Conj/Hex       ###...       11%         3    ###....
c - Fulminant Prism       Conj/Hex       ###.......   36%         4    #####..

Your spell library contained the following spells:

 Spells                   Type           Power        Failure   Level  Hunger
 Searing Ray              Conj           ###...       1%          2    ##.....
 Iskenderun's Mystic Bla  Conj           ###.....     13%         4    #####..
 Force Lance              Conj/Tloc      ##......     43%         4    #####..


Dungeon Overview and Level Annotations

Branches:
Dungeon (3/15)

Altars:

Annotations:
D:2 Sigmund
D:3 1 runed translucent door


Innate Abilities, Weirdness & Mutations

You have a beak for a mouth.
You have claws for feet.
You can fly continuously.


Message History

Press: ? - help, Dir - move target cursor You conjure a prism of explosive energy!
The killer bee stings your fulminant prism!
Your fulminant prism detonates feebly.
Casting: Fulminant Prism (quite dangerous; 36% risk of failure)
Confirm with . or Enter, or press ? or * to list all spells.
You don't have enough magic to cast that spell.
The killer bee stings you!
Casting: Fulminant Prism (quite dangerous; 36% risk of failure)
Confirm with . or Enter, or press ? or * to list all spells.
You don't have enough magic to cast that spell.
The killer bee stings you. The killer bee closely misses you.
The killer bee stings you!
* * * LOW HITPOINT WARNING * * *
As you read the scroll labeled LUJUMO BOZXEP, it crumbles to dust.
It is a scroll of identify.
q - a scroll of blinking The killer bee misses you.
The killer bee stings you!
You die...

######### #.......#
#.#####.# #############.#
#.########## #..........##.#
#..........# #.########.##.#
###.###..... #.# #.##@# #†#
####.# #.# #.##y# #.# #..
#.# #.##y# #.# #.. ###.###
#.##y# #.# #.. #.....#
#.##.#######.# #..
##.....######............###
##.
..................(........#
#.
##.....########...########.#
#. ##.....# #...# #.# #.


You could see 3 killer bees.

Vanquished Creatures
  2 killer bees (D:3)
  A quasit (D:3)
  5 adders
  3 leopard geckos
  2 giant cockroaches
  6 hobgoblins (D:1)
  4 kobolds
  2 quokkas (D:3)
  8 bats
  2 frilled lizards
  2 goblins (D:1)
  9 rats
46 creatures vanquished.

Vanquished Creatures (others)
  2 fulminant prisms (D:3)
2 creatures vanquished.

Grand Total: 48 creatures vanquished

Notes
Turn   | Place    | Note
-------+----------+-------------------------------------------
     0 | D:1      | FishyPogo the Tengu Conjurer began the quest for the Orb.
     0 | D:1      | Reached XP level 1. HP: 10/10 MP: 4/4
   225 | D:1      | Reached XP level 2. HP: 11/15 MP: 3/6
   714 | D:2      | Reached skill level 1 in Unarmed Combat
   714 | D:2      | Reached XP level 3. HP: 19/19 MP: 2/7
   734 | D:2      | Noticed Sigmund
   793 | D:2      | Reached skill level 6 in Conjurations
  1379 | D:3      | Reached XP level 4. HP: 6/24 MP: 5/8
  1400 | D:3      | Learned a level 3 spell: Dazzling Spray
  1738 | D:3      | Found a runed translucent door.
  1896 | D:3      | Gained mutation: You can fly continuously. [Tengu growth]
  1896 | D:3      | Reached XP level 5. HP: 22/28 MP: 0/9
  2041 | D:3      | Learned a level 4 spell: Fulminant Prism
  2118 | D:3      | Reached skill level 1 in Hexes
  2390 | D:3      | Mangled by a killer bee

Skill      XL: |  1  2  3  4  5 |
---------------+----------------+-----
Unarmed Combat | 1 2 |  2.1
Conjurations   | 6 |  6.4
Dodging        | 3 |  3.3
Hexes          | 1 |  1.4
Spellcasting   | 3 |  3.1
Stealth        | |  2.0

Action                   |  1- 3 |  4- 6 || total
-------------------------+-------+-------++-------
Melee: Kick              |     4 |     2 ||     6
       Unarmed           |     2 |       ||     2
       Whip              |    18 |    22 ||    40
       Peck              |     3 |       ||     3
 Cast: Magic Dart        |    63 |    38 ||   101
       Dazzling Spray    |       |     5 ||     5
       Fulminant Prism   |       |     2 ||     2
  Use: Potion            |     3 |     1 ||     4
       Scroll            |       |     2 ||     2
  Eat: Chunk             |     1 |     4 ||     5
Armor: Robe              |     5 |    18 ||    23
       Skin              |       |    48 ||    48
Dodge: Dodged            |    17 |    61 ||    78
